 Dungeon Crawl Stone Soup version 0.30-a0-996-ga6910c8ee8 (webtiles) character file.

Game seed: 8496023810595911679

2539 Zeldest the Conjurer (level 9, -8/62 HPs)
             Began as a Barachi Warper on Apr 4, 2023.
             Was a Follower of Ru.
             Killed from afar by a manticore (19 damage)
             ... with a volley of spikes
             ... on level 6 of the Dungeon.
             The game lasted 00:25:42 (7910 turns).

Zeldest the Conjurer (Barachi Warper)               Turns: 7910, Time: 00:25:42

Health: -8/62      AC:  4    Str: 18    XL:     9   Next: 55%
Magic:  1/12       EV: 12    Int: 17    God:    Ru [*.....]
Gold:   186        SH:  0    Dex: 15    Spells: 7/12 levels left

rFire   . . .      SeeInvis +    x - +7 hand axe "Kosas" {venom, rN+ Dex+2 SInv}
rCold   . . .      Faith    .    (no shield)
rNeg    + . .      Spirit   .    b - +0 leather armour
rPois   .          Reflect  .    (no helmet)
rElec   .          Rampage  .    (no cloak)
rCorr   .                        e - +0 pair of gloves
Will    .....                    (no boots)
Stlth   +                        (no amulet)
HPRegen 0.30/turn                q - +6 ring of strength
MPRegen 0.13/turn                (no ring)

@: spiked, unable to hop, slow
A: amphibious, slowness 1, unskilled 1, strong legs 1, +LOS
a: Hop, Renounce Religion


You were on level 6 of the Dungeon.
You worshipped Ru.
Ru was aware of your devotion.
You visited 2 branches of the dungeon, and saw 8 of its levels.

You collected 354 gold pieces.
You spent 168 gold pieces at shops.

Inventory:

Hand Weapons
 x - the +7 hand axe "Kosas" (weapon) {venom, rN+ Dex+2 SInv}
   (You bought it in a shop on level 2 of the Dungeon)

   Dex:       It affects your dexterity (+2).
   rN:        It protects you from negative energy.
   SInv:      It lets you see invisible.
Missiles
 d - 7 boomerangs of dispersal
 n - 4 poisoned darts
 w - 9 boomerangs (quivered)
 A - 2 throwing nets
Armour
 b - a +0 leather armour (worn)
 e - a +0 pair of gloves (worn)
Jewellery
 q - a +6 ring of strength (left hand)
 v - a ring of magical power
Scrolls
 a - a scroll of noise {unknown}
 f - a scroll of poison {unknown}
 g - 4 scrolls of enchant armour {unknown}
 i - 3 scrolls of magic mapping
 j - 4 scrolls of teleportation
 l - a scroll of brand weapon {unknown}
 o - 3 scrolls of amnesia {unknown}
 r - 2 scrolls of fear {unknown}
 u - a scroll of torment {unknown}
 B - a scroll of enchant weapon {unknown}
Potions
 h - 2 potions of heal wounds
 k - a potion of invisibility
 m - a potion of berserk rage {unknown}
 p - 2 potions of mutation {unknown}
 s - 2 potions of haste {unknown}
 t - a potion of cancellation {unknown}
 z - a potion of brilliance {unknown}
 C - a potion of curing {unknown}


   Skills:
 - Level 2.7 Fighting
 - Level 2.5 Long Blades
 + Level 4.6 Axes
 - Level 0.8 Throwing
 - Level 1.1 Armour
 - Level 2.0 Dodging
 - Level 2.1 Spellcasting
 + Level 5.8 Conjurations
 + Level 4.0 Necromancy
 - Level 3.0 Translocations
 + Level 5.7 Air Magic
 + Level 4.4 Earth Magic
 - Level 2.6 Poison Magic


You had 7 spell levels left.
You knew the following spells:

 Your Spells              Type           Power      Damage    Failure   Level
a - Poisonous Vapours     Pois/Air       32%        N/A       6%          2
b - Mephitic Cloud        Conj/Pois/Air  17%        N/A       10%         3

Your spell library contained the following spells:

 Spells                   Type           Power      Damage    Failure   Level
 Kiss of Death            Conj/Necr      72%        2d10      3%          1
 Sandblast                Erth           32%        2d9       3%          1
 Cigotuvi's Dreadful Rot  Necr/Pois/Air  30%        N/A       6%          2
 Stone Arrow              Conj/Erth      38%        3d9       9%          3
 Blink                    Tloc           24%        N/A       10%         2
 Lesser Beckoning         Tloc           24%        N/A       10%         2
 Vhi's Electric Charge    Tloc/Air       32%        N/A       12%         3
 Passwall                 Tmut/Erth      7%         N/A       14%         2
 Teleport Other           Tloc           12%        N/A       21%         3
 Animate Dead             Necr           15%        N/A       38%         4
 Dispel Undead            Necr           15%        3d10      38%         4
 Ignite Poison            Fire/Tmut/Pois 4%         N/A       43%         3
 Arcjolt                  Conj/Air       10%        1d20      52%         5
 Manifold Assault         Tloc           12%        N/A       54%         4
 Confusing Touch          Hex            1%         N/A       56%         3
 Borgnjor's Vile Clutch   Necr/Erth      8%         N/A       73%         5
 Freezing Cloud           Conj/Ice/Air   7%         6-21      78%         5
 Metabolic Englaciation   Hex/Ice        0%         N/A       99%         5
 Death Channel            Necr           7%         N/A       100%        6
 Simulacrum               Ice/Necr       4%         N/A       100%        6
 Maxwell's Capacitive Co  Air            10%        ∞         100%        8
 Chain Lightning          Conj/Air       10%        3d14      100%        9
 Fire Storm               Conj/Fire      5%         8d2       100%        9
 Polar Vortex             Ice            0%         N/A       100%        9
 Shatter                  Erth           8%         3d10*     100%        9


Dungeon Overview and Level Annotations

Branches:
Dungeon (7/15) Zot: 25846  Temple (1/1) D:5 Zot: 5932

Altars:
Cheibriados
Dithmenos
Elyvilon
Gozag
Kikubaaqudgha
Makhleb
Okawaru
Ru
Sif Muna
Wu Jian
Zin
The Shining One

Shops:
D:1 !   D:2 (


Innate Abilities, Weirdness & Mutations

You are amphibious.
You cover ground slowly.
You are somewhat unskilled. (-1 Apt)
You can hop short distances.
You have an extended range of vision and can be seen from far away.


Message History

The manticore flicks its tail.
The volley of spikes misses you.
Casting: Poisonous Vapours (safe; 6% risk of failure)
Confirm with . or Enter, or press ? or * to list all spells.
Aiming: Poisonous Vapours (safe; 6% risk of failure)
Press: ? - help, Dir - move target, f/p - manticore
Aim: a manticore (lightly wounded, extremely poisoned) Poisonous vapours surround the manticore!
The manticore looks as sick as possible!
You redirect the manticore's attack!
The manticore bites you! The manticore claws you! The manticore misses you.
The gnoll barely misses you.
You climb upwards.
There is a stone staircase leading down here.
You hit the manticore.
The manticore looks as sick as possible!
The manticore is moderately wounded.
The manticore closely misses you. The manticore claws you! x2
* * * LOW HITPOINT WARNING * * *
Hop to where?
Press: ? - help, Dir - move target Boing!
Aiming: Corrosive Bolt
Press: ? - help, Shift-Dir - straight line, f - manticore
Aim: a manticore (heavily wounded, extremely poisoned, 83% to hit)
The bolt of acid hits the manticore!
The manticore is severely wounded.
The now-empty wand crumbles to dust.
You aren't carrying any items that you can evoke.
Unknown command.
Throw: 9 boomerangs
Press: ? - help, Q - select action, (/) - cycle Shift-Dir - straight line, f/p - manticore
Aim: a manticore (severely wounded, extremely poisoned, 70% to hit)
You throw a boomerang.
The boomerang hits the manticore but does no damage.
The manticore is severely wounded.
The manticore flicks its tail.
The volley of spikes hits you!!
The barbed spikes become lodged in your body.
You die...

################## ###
#.................
##.###.#######..#######
#.#..>.....###..# ####
##.###H###.##...####...
#.# #.# #......[......
#.# #.# ####...####.##
#.# #@# ##..# #.## #.#
#.#######..####.#. #.#
#................. #.#
#########'#####.#. #.#
##...## #.#. #.###
##.....###... #.#.##
##.......####.
#....####.........###.
###.......+[............


You could see a manticore (extremely poisoned).

Vanquished Creatures
  Prince Ribbit (D:5)
  Menkaure (D:5)
  2 water moccasins
  2 black bears
  3 orc warriors
  A sky beast (D:7)
  An ogre (D:6)
  A kobold brigand (D:7)
  A bullfrog (D:7)
  2 scorpions
  A gnoll sergeant (D:7)
  A wight (D:7)
  A howler monkey (D:5)
  5 orc priests
  5 hounds
  3 sleepcaps
  3 iguanas
  10 orc wizards
  8 gnolls
  7 adders
  A shadow imp (D:6)
  3 dart slugs
  A worm (D:2)
  32 orcs
  4 ball pythons
  A bat (D:1)
  5 endoplasms
  2 giant cockroaches
  8 goblins
  7 hobgoblins
  11 jackals
  3 quokkas
  2 frilled lizards
  4 kobolds
  6 rats
149 creatures vanquished.

Vanquished Creatures (others)
  57 plants
57 creatures vanquished.

Grand Total: 206 creatures vanquished

Notes
Turn   | Place    | Note
-------+----------+-------------------------------------------
     0 | D:1      | Zeldest the Barachi Warper began the quest for the Orb.
     0 | D:1      | Reached XP level 1. HP: 17/17 MP: 3/3
   228 | D:1      | Reached XP level 2. HP: 14/23 MP: 5/5
   511 | D:1      | Found Uruadeupn's Distillery.
   733 | D:1      | Learned a level 2 spell: Poisonous Vapours
   949 | D:2      | Reached skill level 1 in Poison Magic
   979 | D:2      | Reached skill level 1 in Air Magic
  1062 | D:2      | Reached skill level 1 in Conjurations
  1088 | D:2      | Reached XP level 3. HP: 28/28 MP: 6/6
  1467 | D:3      | Got the Spellbook of Ill-starred Putridity
  1551 | D:3      | Reached XP level 4. HP: 29/34 MP: 7/7
  1889 | D:3      | Reached XP level 5. HP: 38/40 MP: 2/8
  2353 | D:4      | Reached XP level 6. HP: 47/47 MP: 2/9
  3216 | D:3      | Reached skill level 1 in Earth Magic
  3783 | D:2      | Reached skill level 1 in Necromancy
  3810 | D:2      | Found a faded altar of an unknown god.
  3881 | D:2      | Found Xejiergh's Antique Weapon Shop.
  3884 | D:2      | Bought a crystal hand axe for 168 gold pieces
  3884 | D:2      | Identified the +7 hand axe "Kosas" {venom, rN+ Dex+2 SInv}
                  | (You bought it in a shop on level 2 of the Dungeon)
  4027 | D:5      | Entered Level 5 of the Dungeon
  4124 | D:5      | Noticed a black bear
  4246 | D:4      | Reached XP level 7. HP: 50/52 MP: 4/10
  4339 | D:5      | Reached skill level 1 in Axes
  4722 | D:5      | Noticed Menkaure
  4864 | D:5      | Killed Menkaure
  5020 | D:5      | Reached XP level 8. HP: 44/58 MP: 11/11
  5072 | D:5      | Found a staircase to the Ecumenical Temple.
  5082 | Temple   | Entered the Ecumenical Temple
  5132 | Temple   | Became a worshipper of Ru the Awakened
  5320 | D:5      | Noticed Prince Ribbit
  5326 | D:5      | Learned a level 3 spell: Mephitic Cloud
  5334 | D:5      | Killed Prince Ribbit
  5442 | D:5      | Reached skill level 5 in Conjurations
  5442 | D:5      | Reached skill level 5 in Air Magic
  6154 | D:6      | Gained mutation: You are somewhat unskilled. (-1 Apt) [Ru
                  | sacrifice]
  6154 | D:6      | Reached * piety under Ru
  6420 | D:6      | Reached skill level 5 in Conjurations
  6559 | D:6      | Reached skill level 5 in Air Magic
  6559 | D:6      | Reached XP level 9. HP: 62/62 MP: 3/12
  6630 | D:6      | Found a shimmering blue altar of Sif Muna.
  7212 | D:7      | Found an ancient bone altar of Kikubaaqudgha.
  7215 | D:7      | Found a white marble altar of Elyvilon.
  7273 | D:7      | Noticed a manticore
  7653 | D:7      | Noticed a rakshasa
  7910 | D:6      | Killed from afar by a manticore

Illustrated notes

Levels and vault maps discovered:
D:1:      lemuel_arrival_cross, layout_loops_ring, serial_shops,
          nicolae_shop_behind_doors, minmay_misc_feat_enclosed
D:2:      layout_basic, serial_shops, nicolae_shop_behind_doors,
          shapermc_ecumenical_altar_mp_highgroup, kennysheep_boxes
D:3:      layout_basic
D:4:      layout_cave_pods
D:5:      layout_basic, minmay_temple_entry_waves, uniq_prince_ribbit1,
          uniq_menkaure
D:6:      layout_loops_corners, kennysheep_orc_sif_temple
D:7:      nzn_winding_woodlands_cross [nzn_winding_woodlands_5x15_jagged,
          nzn_winding_woodlands_5x15_river_crossing,
          nzn_winding_woodlands_5x15_sawtooth,
          nzn_winding_woodlands_5x15_crooked,
          nzn_winding_woodlands_15x15_five_gardens], layout_gridville,
          nicolae_overflow_hidden_temple, mrwooster_statue_mirror
Temple:   nicolae_temple_cloud_nine

Skill      XL: |  1  2  3  4  5  6  7  8  9 |
---------------+----------------------------+-----
Poison Magic   | 1 2 3 2 |  2.6
Air Magic      | 1 2 3 4 5 |  5.7
Conjurations   | 1 2 3 4 5 |  5.8
Fighting       | 3 2 |  2.7
Earth Magic    | 1 2 3 4 |  4.4
Necromancy     | 1 2 3 4 |  4.0
Axes           | 2 3 4 |  4.6
Throwing       | 0 |  0.8
Long Blades    | |  2.5
Armour         | |  1.1
Dodging        | |  2.0
Spellcasting   | |  2.1
Translocations | |  3.0

Action                     |  1- 3 |  4- 6 |  7- 9 || total
---------------------------+-------+-------+-------++-------
  Melee: Spear             |   115 |    96 |       ||   211
         Falchion          |     1 |       |       ||     1
         Punch             |       |     1 |     6 ||     7
         Hand axe          |       |    17 |   179 ||   196
  Throw: Boomerang         |       |       |     6 ||     6
         Dart              |       |       |     1 ||     1
   Cast: Poisonous Vapours |     8 |    51 |    45 ||   104
         Mephitic Cloud    |       |       |     5 ||     5
 Invoke: Sacrifice Skill   |       |       |     1 ||     1
Ability: Hop               |       |       |     2 ||     2
  Evoke: Wand              |       |       |    10 ||    10
    Use: Scroll            |     4 |       |     1 ||     5
   Stab: Sleeping          |       |       |     1 ||     1
         Confused          |       |       |     3 ||     3
 Armour: Leather armour    |    30 |    20 |    25 ||    75
  Dodge: Dodged            |    53 |    68 |   107 ||   228

Table legend: (Time is in decaauts)
 A = Elapsed time spent in this place.
 B = Non-inter-level travel time spent in this place.
 C = Inter-level travel time spent in this place.
 D = Time resting spent in this place.
 E = Time spent auto-exploring this place.
 F = Levels seen in this place.
 G = Mean time per level.
                   A        B        C        D        E       F      G
               +--------+--------+--------+--------+--------+-----+--------+
         Total |   8859 |   8324 |    535 |   2685 |   3578 |   8 | 1107.4 |
       Dungeon |   8791 |   8264 |    527 |   2685 |   3540 |   7 | 1255.9 |
        Temple |     67 |     60 |      7 |      0 |     38 |   1 |   67.0 |
               +--------+--------+--------+--------+--------+-----+--------+

Top non-repeatable levels by time:
     D:4: 1962 daAuts
     D:6: 1946 daAuts
     D:3: 1263 daAuts
     D:5: 1117 daAuts
     D:1: 909 daAuts
     D:2: 897 daAuts
     D:7: 694 daAuts
  Temple: 67 daAuts
